[ AOE2 MATCH · #482984361 ]
UnrankedMongols vs Celts
[ REPLAY ANALYSIS · EXTRACTED FROM THE RECORDED GAME ]
Feudal
15:34
Castle
19:40
Imperial
41:30
| APM avg | 33.8 |
| APM peak | 80 |
| eAPM avg | 13.6 |
| Villagers / military | 148 / 97 |
Focus
⚔️ 24.5% · 🌾 75.5%
Mangudai ×93 · Trebuchet (Packed) ×4
Feudal
15:31
Castle
23:39
Imperial
46:46
| APM avg | 23.3 |
| APM peak | 58 |
| eAPM avg | 15.0 |
| Villagers / military | 206 / 221 |
Focus
⚔️ 31.7% · 🌾 68.3%
Spearman ×110 · Scorpion ×55 · Battering Ram ×29 · Skirmisher ×22 · Fishing Ship ×12 · Woad Raider ×5
Feudal
14:37
Castle
19:13
Imperial
48:23
| APM avg | 27.2 |
| APM peak | 56 |
| eAPM avg | 11.7 |
| Villagers / military | 108 / 170 |
Focus
⚔️ 22.6% · 🌾 77.4%
Knight ×165 · Monk ×4 · Fishing Ship ×4 · Scout Cavalry ×1
Feudal
14:58
Castle
22:05
Imperial
38:08
| APM avg | 35.7 |
| APM peak | 90 |
| eAPM avg | 17.1 |
| Villagers / military | 64 / 118 |
Focus
⚔️ 34.0% · 🌾 66.0%
Spearman ×44 · Skirmisher ×38 · Fishing Ship ×14 · Longboat ×12 · Militia ×9 · Berserk ×6
Match map
Initial resources + every placement click. Lines = walls · curves = elevation contours. ◆ gold · ⬟ stone · ● berries · ✦ relic · ◌ wall gap
Your base· Open — unwalled flank
wook12220's base· Open — unwalled flank
Doorbell's base· ✓ Closed at 19:13 · 45t walls · no gate
ovo3000wh's base· Open — 7t gap
Smoothed initial terrain · ◌ = detected wall gap · hover for details
Inputs per minute
— Fatal - - wook12220
Build order — Fatal
First 150 of 374 actions detected
| 0:57 | Build | Town Center |
| 2:39 | Build | House |
| 2:41 | Build | House |
| 2:47 | Create | Villager (Male) |
| 2:47 | Create | Villager (Male) |
| 2:47 | Create | Villager (Male) |
| 2:49 | Create | Villager (Male) |
| 4:19 | Create | Villager (Male) |
| 5:11 | Create | Villager (Male) |
| 5:12 | Create | Villager (Male) |
| 5:54 | Create | Villager (Male) |
| 6:40 | Build | House |
| 6:43 | Build | Mill |
| 6:48 | Create | Villager (Male) |
| 7:05 | Create | Villager (Male) |
| 7:05 | Create | Villager (Male) |
| 8:11 | Create | Villager (Male) |
| 8:12 | Create | Villager (Male) |
| 8:17 | Create | Villager (Male) |
| 8:34 | Create | Villager (Male) |
| 9:58 | Create | Villager (Male) |
| 9:58 | Create | Villager (Male) |
| 10:23 | Build | House |
| 10:31 | Create | Villager (Male) |
| 10:57 | Create | Villager (Male) |
| 11:14 | Create | Villager (Male) |
| 12:02 | Create | Villager (Male) |
| 12:25 | Create | Villager (Male) |
| 12:26 | Research | Loom |
| 12:39 | Build | Mining Camp |
| 13:24 | Research | Feudal Age |
| 13:31 | Create | Villager (Male) |
| 13:31 | Create | Villager (Male) |
| 15:03 | Build | Lumber Camp |
| 15:07 | Build | Mining Camp |
| 15:34 | Age | Feudal Age |
| 15:35 | Build | Blacksmith |
| 15:37 | Build | Market |
| 15:43 | Build | House |
| 17:00 | Research | Castle Age |
| 17:14 | Build | Palisade Wall |
| 17:24 | Build | Palisade Wall |
| 17:28 | Build | Palisade Wall |
| 17:31 | Build | Palisade Wall |
| 17:34 | Build | Palisade Wall |
| 17:40 | Build | Palisade Wall |
| 17:49 | Build | Palisade Wall |
| 17:51 | Create | Villager (Male) |
| 18:02 | Build | Palisade Wall |
| 18:08 | Build | Palisade Wall |
| 18:14 | Build | Palisade Wall |
| 18:15 | Build | Palisade Wall |
| 18:25 | Build | Palisade Wall |
| 18:28 | Build | Palisade Wall |
| 18:45 | Build | Lumber Camp |
| 19:13 | Build | Palisade Wall |
| 19:14 | Build | Palisade Wall |
| 19:17 | Build | Palisade Wall |
| 19:18 | Build | Palisade Wall |
| 19:21 | Build | Palisade Wall |
| 19:31 | Create | Villager (Male) |
| 19:37 | Research | Double-Bit Axe |
| 19:40 | Age | Castle Age |
| 19:41 | Research | Horse Collar |
| 19:55 | Build | Palisade Wall |
| 20:03 | Build | Farm |
| 20:06 | Build | Farm |
| 20:14 | Build | Farm |
| 20:16 | Build | Farm |
| 20:19 | Build | Farm |
| 20:22 | Build | Farm |
| 20:24 | Build | Farm |
| 20:46 | Build | Palisade Wall |
| 21:08 | Create | Villager (Male) |
| 21:08 | Create | Villager (Male) |
| 21:21 | Build | Lumber Camp |
| 21:24 | Create | Villager (Male) |
| 21:39 | Build | House |
| 21:41 | Build | House |
| 22:00 | Build | House |
| 22:01 | Build | House |
| 22:02 | Build | House |
| 22:30 | Build | Castle |
| 22:33 | Create | Villager (Male) |
| 22:44 | Build | Farm |
| 22:46 | Build | Farm |
| 22:49 | Build | Farm |
| 22:50 | Research | Bow Saw |
| 22:52 | Create | Villager (Male) |
| 23:04 | Build | Farm |
| 23:40 | Build | House |
| 24:20 | Create | Villager (Male) |
| 24:20 | Create | Villager (Male) |
| 24:35 | Build | Town Center |
| 24:37 | Create | Villager (Male) |
| 24:37 | Create | Villager (Male) |
| 24:40 | Create | Mangudai |
| 24:43 | Research | Fletching |
| 25:04 | Build | Town Center |
| 25:06 | Create | Villager (Male) |
| 25:06 | Create | Villager (Male) |
| 25:12 | Build | Farm |
| 25:15 | Build | Farm |
| 25:16 | Create | Villager (Male) |
| 25:59 | Create | Mangudai |
| 26:00 | Create | Villager (Male) |
| 26:24 | Create | Villager (Male) |
| 26:24 | Create | Villager (Male) |
| 26:32 | Build | Farm |
| 26:35 | Create | Villager (Male) |
| 26:37 | Create | Villager (Male) |
| 26:37 | Create | Villager (Male) |
| 26:52 | Create | Mangudai |
| 27:07 | Create | Villager (Male) |
| 27:15 | Build | University |
| 27:40 | Build | Farm |
| 27:53 | Create | Villager (Male) |
| 27:54 | Create | Villager (Male) |
| 27:54 | Create | Villager (Male) |
| 27:54 | Create | Villager (Male) |
| 27:55 | Create | Villager (Male) |
| 27:57 | Research | Wheelbarrow |
| 28:00 | Create | Villager (Male) |
| 28:00 | Create | Villager (Male) |
| 28:02 | Research | Bodkin Arrow |
| 28:40 | Create | Villager (Male) |
| 29:10 | Build | Town Center |
| 29:13 | Create | Mangudai |
| 29:13 | Create | Mangudai |
| 29:14 | Create | Villager (Male) |
| 29:14 | Create | Villager (Male) |
| 29:14 | Create | Villager (Male) |
| 29:15 | Create | Villager (Male) |
| 29:15 | Create | Villager (Male) |
| 29:39 | Create | Villager (Male) |
| 29:56 | Create | Mangudai |
| 29:57 | Create | Villager (Male) |
| 29:57 | Create | Villager (Male) |
| 30:11 | Build | Castle |
| 30:17 | Create | Villager (Male) |
| 30:18 | Create | Villager (Male) |
| 30:33 | Create | Villager (Male) |
| 30:34 | Create | Villager (Male) |
| 30:35 | Create | Villager (Male) |
| 30:36 | Create | Villager (Male) |
| 30:53 | Create | Villager (Male) |
| 30:59 | Create | Villager (Male) |
| 31:12 | Research | Ballistics |
| 31:23 | Build | Mining Camp |
| 31:33 | Create | Villager (Male) |
Build order — wook12220
First 150 of 412 actions detected
| 1:13 | Build | Town Center |
| 2:55 | Build | Dock |
| 3:17 | Research | Loom |
| 3:18 | Create | Villager (Male) |
| 3:18 | Create | Villager (Male) |
| 3:18 | Create | Villager (Male) |
| 3:18 | Create | Villager (Male) |
| 3:19 | Create | Villager (Male) |
| 3:27 | Build | House |
| 3:28 | Build | House |
| 5:20 | Create | Villager (Male) |
| 5:20 | Create | Villager (Male) |
| 5:49 | Create | Villager (Male) |
| 6:04 | Create | Villager (Male) |
| 6:24 | Create | Villager (Male) |
| 6:46 | Create | Villager (Male) |
| 7:27 | Create | Villager (Male) |
| 7:58 | Create | Villager (Male) |
| 8:18 | Build | House |
| 8:19 | Build | House |
| 8:29 | Create | Villager (Male) |
| 9:07 | Create | Villager (Male) |
| 9:07 | Create | Villager (Male) |
| 9:30 | Build | House |
| 9:55 | Build | House |
| 10:00 | Create | Villager (Male) |
| 10:02 | Create | Villager (Male) |
| 10:33 | Build | Mining Camp |
| 10:36 | Create | Villager (Male) |
| 11:00 | Create | Villager (Male) |
| 11:01 | Create | Villager (Male) |
| 11:23 | Build | Dock |
| 12:16 | Create | Villager (Male) |
| 12:27 | Create | Fishing Ship |
| 12:28 | Create | Fishing Ship |
| 13:21 | Research | Feudal Age |
| 13:21 | Research | Feudal Age |
| 13:25 | Create | Fishing Ship |
| 13:26 | Create | Fishing Ship |
| 14:45 | Build | Mill |
| 15:28 | Build | Barracks |
| 15:31 | Age | Feudal Age |
| 15:33 | Research | Wheelbarrow |
| 15:33 | Create | Villager (Male) |
| 15:33 | Create | Villager (Male) |
| 15:47 | Research | Tech 906 |
| 16:12 | Build | Lumber Camp |
| 17:33 | Build | Blacksmith |
| 17:38 | Create | Villager (Male) |
| 17:38 | Create | Villager (Male) |
| 17:53 | Create | Fishing Ship |
| 18:33 | Research | Town Watch |
| 18:56 | Build | Market |
| 19:09 | Build | Market |
| 19:12 | Create | Villager (Male) |
| 19:17 | Create | Spearman |
| 19:34 | Create | Villager (Male) |
| 19:36 | Create | Spearman |
| 19:51 | Create | Spearman |
| 19:54 | Build | House |
| 19:58 | Research | Stone Mining |
| 20:01 | Create | Villager (Male) |
| 20:19 | Research | Double-Bit Axe |
| 20:21 | Create | Villager (Male) |
| 20:25 | Create | Fishing Ship |
| 20:37 | Build | House |
| 20:39 | Build | House |
| 20:57 | Build | Mining Camp |
| 20:59 | Research | Castle Age |
| 21:09 | Research | Horse Collar |
| 21:11 | Create | Spearman |
| 21:11 | Create | Spearman |
| 21:43 | Research | Gold Mining |
| 21:52 | Create | Villager (Male) |
| 21:57 | Create | Fishing Ship |
| 21:58 | Create | Fishing Ship |
| 22:41 | Create | Spearman |
| 22:41 | Create | Spearman |
| 22:42 | Create | Spearman |
| 22:51 | Create | Spearman |
| 22:55 | Build | Barracks |
| 23:08 | Create | Spearman |
| 23:19 | Create | Spearman |
| 23:23 | Create | Spearman |
| 23:23 | Create | Spearman |
| 23:23 | Create | Spearman |
| 23:28 | Create | Villager (Male) |
| 23:36 | Create | Spearman |
| 23:39 | Age | Castle Age |
| 23:39 | Create | Spearman |
| 24:10 | Create | Villager (Male) |
| 24:21 | Research | Pikeman (upgrade) |
| 24:39 | Create | Spearman |
| 24:39 | Create | Spearman |
| 24:46 | Create | Villager (Male) |
| 24:52 | Build | Lumber Camp |
| 25:01 | Create | Spearman |
| 25:29 | Create | Villager (Male) |
| 25:35 | Create | Fishing Ship |
| 25:35 | Create | Fishing Ship |
| 25:56 | Create | Villager (Male) |
| 26:12 | Build | Town Center |
| 26:23 | Build | Town Center |
| 26:29 | Create | Villager (Male) |
| 26:29 | Create | Villager (Male) |
| 26:47 | Build | Castle |
| 26:53 | Create | Villager (Male) |
| 26:54 | Create | Villager (Male) |
| 27:17 | Create | Fishing Ship |
| 27:36 | Create | Villager (Male) |
| 27:47 | Create | Villager (Male) |
| 27:58 | Build | House |
| 27:59 | Build | House |
| 27:59 | Build | House |
| 28:00 | Build | House |
| 28:01 | Build | House |
| 28:01 | Build | House |
| 28:02 | Build | House |
| 28:08 | Create | Villager (Male) |
| 28:09 | Create | Villager (Male) |
| 28:10 | Create | Villager (Male) |
| 28:10 | Create | Villager (Male) |
| 28:20 | Create | Spearman |
| 29:09 | Create | Villager (Male) |
| 29:09 | Create | Villager (Male) |
| 29:10 | Create | Villager (Male) |
| 29:10 | Create | Villager (Male) |
| 29:10 | Create | Villager (Male) |
| 29:10 | Create | Villager (Male) |
| 29:19 | Create | Fishing Ship |
| 29:26 | Create | Villager (Male) |
| 29:26 | Create | Villager (Male) |
| 29:40 | Create | Villager (Male) |
| 29:46 | Build | Farm |
| 29:46 | Build | Farm |
| 29:46 | Build | Farm |
| 29:46 | Build | Farm |
| 29:47 | Build | Farm |
| 29:48 | Build | Farm |
| 30:03 | Build | Farm |
| 30:05 | Build | Farm |
| 30:10 | Build | Farm |
| 30:20 | Build | Farm |
| 30:33 | Create | Villager (Male) |
| 30:33 | Create | Villager (Male) |
| 30:33 | Create | Villager (Male) |
| 30:33 | Create | Villager (Male) |
| 30:42 | Build | Farm |
| 30:42 | Build | Farm |
| 30:45 | Build | Farm |
Build order — Doorbell
First 150 of 244 actions detected
| 0:13 | Build | Town Center |
| 2:19 | Create | Villager (Male) |
| 2:20 | Create | Villager (Male) |
| 2:20 | Create | Villager (Male) |
| 2:21 | Create | Villager (Male) |
| 2:25 | Build | House |
| 2:50 | Build | House |
| 3:47 | Create | Villager (Male) |
| 4:05 | Create | Villager (Male) |
| 4:05 | Create | Villager (Male) |
| 5:04 | Create | Villager (Male) |
| 5:05 | Create | Villager (Male) |
| 5:11 | Build | Dock |
| 5:45 | Create | Villager (Male) |
| 5:57 | Create | Villager (Male) |
| 5:58 | Create | Villager (Male) |
| 6:45 | Create | Villager (Male) |
| 7:13 | Create | Villager (Male) |
| 7:23 | Build | House |
| 7:35 | Research | Loom |
| 7:35 | Create | Villager (Male) |
| 8:04 | Build | House |
| 8:09 | Create | Villager (Male) |
| 9:12 | Build | Mill |
| 9:18 | Create | Villager (Male) |
| 9:20 | Create | Villager (Male) |
| 9:39 | Create | Villager (Male) |
| 9:54 | Create | Fishing Ship |
| 10:05 | Create | Fishing Ship |
| 10:47 | Create | Villager (Male) |
| 10:48 | Create | Villager (Male) |
| 11:01 | Build | Mining Camp |
| 12:02 | Create | Villager (Male) |
| 12:06 | Research | Feudal Age |
| 12:32 | Create | Fishing Ship |
| 12:39 | Build | House |
| 12:43 | Build | Palisade Wall |
| 12:51 | Build | Barracks |
| 12:55 | Build | House |
| 12:59 | Build | Palisade Wall |
| 13:49 | Create | Fishing Ship |
| 14:04 | Build | House |
| 14:37 | Age | Feudal Age |
| 14:46 | Build | Stable |
| 15:04 | Create | Villager (Male) |
| 15:04 | Create | Villager (Male) |
| 15:05 | Create | Villager (Male) |
| 15:35 | Build | Blacksmith |
| 16:13 | Create | Scout Cavalry |
| 16:31 | Build | House |
| 16:33 | Research | Castle Age |
| 16:46 | Build | Palisade Wall |
| 16:51 | Build | Palisade Wall |
| 17:03 | Build | Lumber Camp |
| 17:27 | Build | Stable |
| 18:17 | Build | Palisade Wall |
| 18:20 | Build | Palisade Wall |
| 18:23 | Build | Palisade Wall |
| 18:33 | Create | Villager (Male) |
| 18:40 | Build | Farm |
| 18:40 | Build | Farm |
| 18:43 | Build | Farm |
| 18:46 | Build | Farm |
| 18:57 | Create | Villager (Male) |
| 19:13 | Age | Castle Age |
| 19:19 | Create | Knight ×5 |
| 19:40 | Build | Palisade Gate |
| 20:06 | Build | Lumber Camp |
| 20:14 | Create | Villager (Male) |
| 20:17 | Create | Villager (Male) |
| 20:25 | Research | Scale Barding Armor |
| 20:44 | Create | Knight ×4 |
| 20:46 | Create | Villager (Male) |
| 21:35 | Build | House |
| 21:37 | Build | House |
| 21:42 | Create | Villager (Male) |
| 21:42 | Create | Villager (Male) |
| 22:10 | Build | Palisade Wall |
| 22:18 | Create | Villager (Male) |
| 22:25 | Build | Farm |
| 22:25 | Build | Farm |
| 22:28 | Build | Farm |
| 22:28 | Build | Farm |
| 22:29 | Research | Double-Bit Axe |
| 22:38 | Build | Farm |
| 22:38 | Build | Farm |
| 23:42 | Create | Villager (Male) |
| 23:44 | Create | Villager (Male) |
| 23:53 | Build | Town Center |
| 24:34 | Research | Chain Barding Armor |
| 25:04 | Create | Villager (Male) |
| 25:05 | Create | Villager (Male) |
| 25:11 | Build | Farm |
| 25:11 | Build | Farm |
| 25:24 | Build | Farm |
| 25:24 | Build | Farm |
| 25:44 | Build | Farm |
| 25:44 | Build | Farm |
| 25:45 | Build | Farm |
| 25:47 | Build | Farm |
| 25:51 | Build | Farm |
| 26:21 | Create | Villager (Male) |
| 26:22 | Create | Villager (Male) |
| 26:37 | Create | Villager (Male) |
| 26:37 | Create | Villager (Male) |
| 26:38 | Create | Villager (Male) |
| 26:44 | Build | Farm |
| 26:47 | Build | Farm |
| 27:55 | Build | Town Center |
| 28:57 | Create | Villager (Male) ×5 |
| 29:47 | Create | Knight ×5 |
| 29:58 | Build | Farm |
| 29:59 | Build | Farm |
| 29:59 | Build | Farm |
| 30:00 | Build | Farm |
| 30:01 | Build | Farm |
| 30:04 | Build | Farm |
| 30:13 | Create | Knight |
| 30:14 | Create | Knight |
| 30:25 | Create | Villager (Male) ×5 |
| 30:35 | Build | Monastery |
| 30:43 | Research | Gold Mining |
| 31:00 | Build | House |
| 31:01 | Build | House |
| 31:04 | Build | House |
| 31:04 | Build | House |
| 31:05 | Build | House |
| 31:10 | Build | House |
| 31:13 | Research | Wheelbarrow |
| 31:27 | Build | House |
| 31:32 | Create | Monk |
| 31:47 | Research | Forging |
| 32:01 | Create | Villager (Male) ×5 |
| 32:11 | Create | Monk |
| 32:37 | Research | Gold Shaft Mining |
| 32:38 | Research | Stone Mining |
| 32:46 | Create | Monk |
| 33:12 | Create | Villager (Male) |
| 33:13 | Create | Villager (Male) |
| 33:17 | Create | Villager (Male) |
| 33:17 | Create | Villager (Male) |
| 33:20 | Create | Villager (Male) |
| 33:21 | Create | Villager (Male) |
| 33:26 | Create | Knight |
| 33:26 | Create | Knight |
| 33:27 | Create | Knight |
| 33:27 | Create | Knight |
| 33:27 | Create | Knight |
| 33:33 | Build | Stable |
| 33:34 | Build | Stable |
Build order — ovo3000wh
First 150 of 344 actions detected
| 0:11 | Build | Town Center |
| 1:19 | Build | Dock |
| 1:43 | Build | House |
| 2:17 | Build | House |
| 2:53 | Create | Villager (Male) |
| 2:53 | Create | Villager (Male) |
| 2:53 | Create | Villager (Male) |
| 2:54 | Create | Villager (Male) |
| 2:54 | Create | Villager (Male) |
| 2:54 | Create | Villager (Male) |
| 4:04 | Create | Villager (Male) |
| 4:04 | Create | Villager (Male) |
| 5:23 | Create | Villager (Male) |
| 5:41 | Create | Villager (Male) |
| 6:16 | Create | Villager (Male) |
| 6:16 | Create | Villager (Male) |
| 6:52 | Create | Villager (Male) |
| 7:01 | Create | Fishing Ship |
| 7:14 | Create | Villager (Male) |
| 7:35 | Create | Villager (Male) |
| 7:47 | Build | House |
| 8:06 | Research | Loom |
| 8:11 | Create | Villager (Male) |
| 8:37 | Create | Villager (Male) |
| 9:14 | Build | Mill |
| 9:19 | Create | Villager (Male) |
| 9:36 | Create | Villager (Male) |
| 9:54 | Create | Villager (Male) |
| 10:03 | Build | House |
| 10:41 | Create | Villager (Male) |
| 10:43 | Create | Fishing Ship |
| 11:02 | Build | Lumber Camp |
| 11:06 | Create | Villager (Male) |
| 11:21 | Create | Villager (Male) |
| 11:35 | Create | Villager (Male) |
| 11:53 | Create | Villager (Male) |
| 12:00 | Create | Villager (Male) |
| 12:07 | Build | House |
| 12:48 | Research | Feudal Age |
| 12:56 | Build | Mill |
| 13:04 | Create | Fishing Ship |
| 13:14 | Build | House |
| 13:39 | Create | Fishing Ship |
| 13:51 | Build | House |
| 14:49 | Build | Barracks |
| 14:58 | Age | Feudal Age |
| 15:00 | Create | Villager (Male) |
| 15:16 | Create | Villager (Male) |
| 15:19 | Research | Double-Bit Axe |
| 15:35 | Create | Villager (Male) |
| 15:52 | Build | Mining Camp |
| 16:08 | Build | House |
| 16:10 | Create | Villager (Male) |
| 16:40 | Build | Blacksmith |
| 16:54 | Create | Villager (Male) |
| 17:03 | Create | Villager (Male) |
| 17:36 | Build | Market |
| 17:37 | Create | Villager (Male) |
| 17:44 | Build | House |
| 18:02 | Build | House |
| 18:04 | Create | Villager (Male) |
| 18:10 | Research | Tech 906 |
| 18:39 | Build | House |
| 18:53 | Build | Mining Camp |
| 19:14 | Build | Palisade Wall |
| 19:25 | Research | Castle Age |
| 19:43 | Create | Spearman |
| 19:43 | Create | Spearman |
| 19:55 | Create | Villager (Male) |
| 19:58 | Create | Fishing Ship |
| 20:25 | Create | Fire Galley |
| 20:25 | Create | Fire Galley |
| 20:34 | Create | Spearman |
| 20:49 | Build | House |
| 21:23 | Build | Farm |
| 21:51 | Build | House |
| 21:54 | Build | House |
| 22:05 | Age | Castle Age |
| 22:20 | Build | Town Center |
| 22:23 | Research | Pikeman (upgrade) |
| 22:43 | Create | Longboat |
| 22:44 | Create | Longboat |
| 22:50 | Create | Villager (Male) |
| 23:07 | Build | Palisade Wall |
| 23:15 | Research | Bow Saw |
| 23:17 | Create | Villager (Male) |
| 23:49 | Create | Villager (Male) |
| 23:58 | Build | Town Center |
| 24:00 | Create | Spearman |
| 24:00 | Create | Spearman |
| 24:03 | Research | Scale Mail Armor |
| 24:08 | Create | Villager (Male) |
| 24:38 | Create | Spearman |
| 24:43 | Build | House |
| 24:49 | Create | Longboat |
| 24:49 | Create | Longboat |
| 24:51 | Create | Villager (Male) |
| 25:03 | Build | House |
| 25:11 | Build | Gate |
| 25:21 | Build | Monastery |
| 25:22 | Create | Villager (Male) |
| 25:27 | Create | Villager (Male) |
| 26:06 | Build | Stable |
| 26:23 | Build | Lumber Camp |
| 26:27 | Build | House |
| 26:29 | Build | House |
| 26:36 | Research | Stone Mining |
| 26:41 | Create | Villager (Male) |
| 26:47 | Research | Gold Mining |
| 26:50 | Create | Villager (Male) |
| 27:02 | Build | House |
| 27:07 | Build | House |
| 27:16 | Create | Villager (Male) |
| 27:37 | Build | Gate |
| 27:42 | Build | Stone Wall |
| 28:02 | Build | Archery Range |
| 28:10 | Research | Gold Shaft Mining |
| 28:11 | Research | Fletching |
| 28:26 | Build | Town Center |
| 28:32 | Build | House |
| 28:34 | Create | Monk |
| 28:41 | Research | Town Watch |
| 28:44 | Research | Bodkin Arrow |
| 28:59 | Build | Stone Wall |
| 29:05 | Build | Archery Range |
| 29:09 | Build | House |
| 29:16 | Build | Gate |
| 29:20 | Build | House |
| 29:25 | Create | Villager (Male) |
| 29:28 | Build | Farm |
| 29:35 | Research | Elite Skirmisher (upgrade) |
| 29:53 | Build | Farm |
| 29:57 | Research | Chain Mail Armor |
| 30:18 | Build | Dock |
| 30:37 | Build | Gate |
| 30:47 | Create | Villager (Male) |
| 30:50 | Build | Farm |
| 30:53 | Build | Farm |
| 30:56 | Build | Farm |
| 30:58 | Build | Farm |
| 31:03 | Build | Farm |
| 31:05 | Build | Farm |
| 31:08 | Build | Farm |
| 31:11 | Build | Farm |
| 31:14 | Build | Farm |
| 31:20 | Build | Dock |
| 31:24 | Research | Gillnets |
| 31:37 | Build | Mining Camp |
| 31:41 | Build | House |
| 31:46 | Create | Skirmisher |
Match timeline
| 1:19 | ovo3000wh · first_building Dock |
| 2:55 | wook12220 · first_building Dock |
| 5:11 | Doorbell · first_building Dock |
| 12:43 | Doorbell · wall_segment Palisade Wall x4 |
| 12:51 | Doorbell · first_building Barracks |
| 12:59 | Doorbell · wall_segment Palisade Wall x6 |
| 14:37 | Doorbell · age_up feudal |
| 14:46 | Doorbell · first_building Stable |
| 14:49 | ovo3000wh · first_building Barracks |
| 14:58 | ovo3000wh · age_up feudal |
| 15:28 | wook12220 · first_building Barracks |
| 15:31 | wook12220 · age_up feudal |
| 15:34 | Fatal · age_up feudal |
| 16:46 | Doorbell · wall_segment Palisade Wall x3 |
| 16:51 | Doorbell · wall_segment Palisade Wall x5 |
| 16:59 | Fatal · first_market_sell 100 wood |
| 17:14 | Fatal · wall_segment Palisade Wall x1 |
| 17:24 | Fatal · wall_segment Palisade Wall x5 |
| 17:28 | Fatal · wall_segment Palisade Wall x10 |
| 17:31 | Fatal · wall_segment Palisade Wall x1 |
| 17:34 | Fatal · wall_segment Palisade Wall x5 |
| 17:40 | Fatal · wall_segment Palisade Wall x1 |
| 17:49 | Fatal · wall_segment Palisade Wall x6 |
| 18:02 | Fatal · wall_segment Palisade Wall x1 |
| 18:08 | Fatal · wall_segment Palisade Wall x3 |
| 18:14 | Fatal · wall_segment Palisade Wall x6 |
| 18:15 | Fatal · wall_segment Palisade Wall x1 |
| 18:17 | Doorbell · wall_segment Palisade Wall x9 |
| 18:20 | Doorbell · wall_segment Palisade Wall x8 |
| 18:23 | Doorbell · wall_segment Palisade Wall x10 |
| 18:25 | Fatal · wall_segment Palisade Wall x1 |
| 18:28 | Fatal · wall_segment Palisade Wall x5 |
| 19:13 | Doorbell · age_up castle |
| 19:13 | Fatal · wall_segment Palisade Wall x1 |
| 19:14 | Fatal · wall_segment Palisade Wall x1 |
| 19:14 | ovo3000wh · wall_segment Palisade Wall x5 |
| 19:17 | Fatal · wall_segment Palisade Wall x4 |
| 19:18 | Fatal · wall_segment Palisade Wall x1 |
| 19:21 | ovo3000wh · first_market_sell 100 wood |
| 19:21 | Fatal · wall_segment Palisade Wall x5 |
| 19:40 | Fatal · age_up castle |
| 19:55 | Fatal · wall_segment Palisade Wall x8 |
| 20:46 | Fatal · wall_segment Palisade Wall x2 |
| 22:05 | ovo3000wh · age_up castle |
| 22:10 | Doorbell · wall_segment Palisade Wall x8 |
| 22:30 | Fatal · first_building Castle |
| 23:07 | ovo3000wh · wall_segment Palisade Wall x8 |
| 23:39 | wook12220 · age_up castle |
| 24:56 | ovo3000wh · first_market_buy 100 wood |
| 25:21 | ovo3000wh · first_building Monastery |
| 26:06 | ovo3000wh · first_building Stable |
| 26:31 | wook12220 · first_market_buy 100 stone |
| 26:37 | wook12220 · first_market_sell 100 food |
| 26:47 | wook12220 · first_building Castle |
| 27:42 | ovo3000wh · wall_segment Stone Wall x7 |
| 28:02 | ovo3000wh · first_building Archery Range |
| 28:59 | ovo3000wh · wall_segment Stone Wall x14 |
| 30:35 | Doorbell · first_building Monastery |
| 32:11 | ovo3000wh · first_building Castle |
| 32:33 | wook12220 · first_building Siege Workshop |
| 33:12 | Fatal · first_market_buy 100 food |
| 33:15 | ovo3000wh · wall_segment Stone Wall x1 |
| 34:50 | ovo3000wh · wall_segment Stone Wall x8 |
| 38:08 | ovo3000wh · age_up imperial |
| 39:19 | ovo3000wh · wall_segment Stone Wall x2 |
| 39:20 | ovo3000wh · wall_segment Stone Wall x2 |
| 39:27 | ovo3000wh · wall_segment Stone Wall x1 |
| 39:56 | ovo3000wh · wall_segment Stone Wall x1 |
| 39:57 | ovo3000wh · wall_segment Stone Wall x1 |
| 40:00 | Fatal · first_building Barracks |
| 40:11 | ovo3000wh · wall_segment Stone Wall x1 |
| 41:25 | Fatal · first_building Archery Range |
| 41:30 | Fatal · age_up imperial |
| 42:20 | Doorbell · first_building Castle |
| 43:09 | ovo3000wh · first_building Siege Workshop |
| 46:01 | wook12220 · first_building Archery Range |
| 46:46 | wook12220 · age_up imperial |
| 47:21 | ovo3000wh · wall_segment Stone Wall x4 |
| 48:23 | Doorbell · age_up imperial |
| 51:19 | ovo3000wh · wall_segment Stone Wall x1 |
| 51:20 | ovo3000wh · wall_segment Stone Wall x1 |
| 51:22 | ovo3000wh · wall_segment Stone Wall x1 |
| 53:16 | ovo3000wh · resign |
[ AI ANALYSIS · 1 CREDIT ]
What really happened in this match?
Wolo.gg analyzes every decision: build order, eco, micro, common mistakes by bracket. Personalized analysis on WhatsApp or Discord in 30 seconds.
Civ guide
Mongols
Perfil
Jugador #22370897